 Dungeon Crawl Stone Soup version 0.22-a0-42-g002c468 (webtiles) character file.

1240 sagitran the Poker (level 8, -3/66 HPs)
             Began as a Red Draconian Ice Elementalist on Jan 5, 2018.
             Slain by an ogre
             ... wielding a cursed -3 giant spiked club
              (16 damage)
             ... on level 4 of the Dungeon.
             The game lasted 00:32:59 (5508 turns).

sagitran the Poker (Red Draconian Ice Elementalist) Turns: 5508, Time: 00:32:59

Health: -3/66      AC: 11    Str: 11    XL:     8   Next: 25%
Magic:  4/13       EV: 13    Int: 18    God:
Gold:   194        SH:  3    Dex: 11    Spells: 8/14 levels left

rFire    + . .     SeeInvis +   h - +0 spear
rCold    . . .     Gourm    .   q - +0 buckler
rNeg     . . .     Faith    .   (armour unavailable)
rPois    .         Spirit   .   (helmet restricted)
rElec    .         Reflect  .   (no cloak)
rCorr    .         Harm     .   (no gloves)
MR       .....                  (no boots)
Stlth    ++........             (no amulet)
HPRegen  0.21/turn              u - ring of see invisible
MPRegen  0.13/turn              (no ring)

@: icy armour, very slightly contaminated, slow
A: breathe fire, unfitting armour, fire resistance 1, cold-blooded, AC +6
a: Breathe Fire


You were on level 4 of the Dungeon.
You were not hungry.

You visited 1 branch of the dungeon, and saw 4 of its levels.
You also visited: Ossuary.

You collected 194 gold pieces.

Inventory:

Hand Weapons
 c - a +0 short sword
 h - a +0 spear (weapon)
 n - a +0 hunting sling
 t - a +0 long sword
 y - a +2 dire flail of protection
Missiles
 j - 118 stones (quivered)
 r - 23 sling bullets
Armour
 q - a +0 buckler (worn)
Jewellery
 u - a ring of see invisible (left hand)
Wands
 v - a wand of random effects (31)
Scrolls
 e - 2 scrolls of magic mapping
 f - a scroll of identify
 g - 4 scrolls of teleportation
 i - a scroll of blinking {unknown}
 m - 3 scrolls of remove curse {unknown}
 o - a scroll of noise {unknown}
 p - a scroll of amnesia {unknown}
 s - 2 scrolls of fog {unknown}
 x - 2 scrolls of fear {unknown}
Potions
 d - a potion of degeneration {unknown}
 k - 2 potions of agility
 l - 2 potions of resistance
 z - a potion of heal wounds
 A - a potion of brilliance
Books
 a - a book of Frost

   Spells                             Type                      Level
   a - Freeze                         Ice                          1
   b - Throw Frost                    Conjuration/Ice              2
   c - Ozocubu's Armour               Charms/Ice                   3
   d - Throw Icicle                   Conjuration/Ice              4
   e - Summon Ice Beast               Ice/Summoning                4
 w - a book of Transfigurations

   Spells                             Type                      Level
   a - Irradiate                      Conjuration/Transmutation    5
   b - Statue Form                    Transmutation/Earth          6
   c - Hydra Form                     Transmutation                6
   d - Dragon Form                    Transmutation                7
Comestibles
 b - 4 rations


   Skills:
 + Level 3.8 Fighting
 + Level 0.9 Short Blades
 + Level 4.7 Polearms
 + Level 0.1 Slings
 + Level 4.4 Dodging
 + Level 3.0 Stealth
 + Level 0.1 Shields
 + Level 3.6 Spellcasting
 + Level 1.4 Conjurations
 + Level 4.2 Ice Magic


You had 8 spell levels left.
You knew the following spells:

 Your Spells              Type           Power        Failure   Level  Hunger
a - Freeze                Ice            ###.         4%          1    None
b - Throw Frost           Conj/Ice       ##....       12%         2    ##.....
c - Ozocubu's Armour      Chrm/Ice       ##......     30%         3    ###....


Dungeon Overview and Level Annotations

Branches:
Dungeon (4/15)
 Temple: D:4-7

Altars:


Innate Abilities, Weirdness & Mutations

You can breathe blasts of fire.
Your fiery red scales are hard. (AC +6)
You cannot fit into any form of body armour.
Your flesh is heat resistant. (rF+)
You are cold-blooded and may be slowed by cold attacks.


Message History

Casting: Ozocubu's Armour
Confirm with . or Enter, or press ? or * to list all spells.
A film of ice covers your body! You block the ogre's attack.
Casting: Ozocubu's Armour
Confirm with . or Enter, or press ? or * to list all spells.
Aiming: Freeze
Press: ? - help, Shift-Dir - straight line, f/p - ogre
Aim: an ogre, wielding a giant spiked club (heavily wounded)
You freeze the ogre.
The ogre is severely wounded.
You barely miss the ogre.
The ogre is severely wounded.
The ogre hits you with a giant spiked club!!
Ouch! That really hurt!
* * * LOW HITPOINT WARNING * * *
Casting: Freeze
Confirm with . or Enter, or press ? or * to list all spells.
Okay, then.
The ogre hits you with a giant spiked club!
You die...

..#...........
#.#.....#####.... .#...#.#
##.... ###.......# ......
.........# ####..#
#........# ......
###########.##.....######..#
..........................<.
.....######@##.#..#.#####..#
.%......# #O##.# ..........
........# #.##.# ##.####..#
........# #.##.# #.........
........###.##.# #...#....#
............##.# #.#.###.##
........######.# #.#.......
.....#### #.# #.#.###.##
.... #######'####.........


You could see an ogre.

Vanquished Creatures
  Sigmund (D:3)
  Edmund (D:4)
  The ghost of KristoblXynda the Charmwright, an amateur SpSk (D:4)
  An ogre (D:4)
  5 water moccasin zombies (Ossuary)
  Jessica (D:3)
  Natasha (thrice) (D:3)
  4 orc wizards
  3 worker ants
  A big kobold zombie (Ossuary)
  A hound skeleton (D:4)
  2 mummies
  5 adders
  3 oozes (D:1)
  4 adder zombies (Ossuary)
  4 worms
  2 dart slugs (D:1)
  3 leopard geckos
  9 orcs
  5 giant cockroaches
  4 goblins (D:2)
  6 hobgoblins
  2 jackals (D:2)
  3 quokkas
  A ball python (D:2)
  8 bats
  5 frilled lizards
  A gnoll zombie (Ossuary)
  4 hobgoblin zombies (Ossuary)
  9 kobolds
  6 kobold zombies (Ossuary)
  3 orc zombies (Ossuary)
  4 rats
115 creatures vanquished.

Vanquished Creatures (others)
  A mummy (Ossuary)
  An orc (D:2)
2 creatures vanquished.

Grand Total: 117 creatures vanquished

Notes
Turn   | Place    | Note
-------+----------+-------------------------------------------
     0 | D:1      | sagitran the Draconian Ice Elementalist began the quest for the Orb.
     0 | D:1      | Reached XP level 1. HP: 14/14 MP: 3/3
   326 | D:1      | Reached XP level 2. HP: 15/20 MP: 5/5
   331 | D:1      | Learned a level 2 spell: Throw Frost
   618 | D:1      | Reached XP level 3. HP: 26/26 MP: 1/6
  1163 | D:2      | Reached XP level 4. HP: 32/34 MP: 0/7
  1223 | D:2      | Reached skill level 1 in Polearms
  1248 | D:2      | Reached XP level 5. HP: 20/39 MP: 1/9
  1619 | D:2      | Learned a level 3 spell: Ozocubu's Armour
  1836 | D:3      | Noticed Sigmund
  1900 | D:3      | Found a faded altar of an unknown god.
  2385 | D:3      | Noticed Jessica
  2419 | D:3      | Killed Jessica
  2419 | D:3      | Reached skill level 1 in Fighting
  2576 | D:3      | Reached XP level 6. HP: 13/47 MP: 10/10
  2853 | D:3      | Killed Sigmund
  2944 | D:3      | Noticed Natasha
  2952 | D:3      | Killed Natasha
  3266 | D:3      | Noticed Natasha
  3269 | D:3      | Killed Natasha
  3311 | D:4      | Noticed KristoblXynda's ghost (amateur SpSk)
  3312 | D:4      | Found a sand-covered staircase.
  3441 | D:3      | Noticed Natasha
  3461 | D:3      | Killed Natasha
  3461 | D:3      | Your scales start taking on a fiery red colour.
  3461 | D:3      | Reached XP level 7. HP: 30/56 MP: 4/11
  3461 | D:3      | Gained mutation: Your flesh is heat resistant. (rF+) [Red Draconian growth]
  3628 | Ossuary  | Entered an ossuary
  4823 | D:4      | Killed KristoblXynda's ghost
  4976 | D:4      | Reached XP level 8. HP: 40/63 MP: 10/12
  5070 | D:4      | Noticed Edmund
  5107 | D:4      | Killed Edmund
  5508 | D:4      | Slain by an ogre

Vault maps used:
D:1:      tarquinn_simple_flora_water_e
D:3:      first_ration, chequers_ecumenical_altar_island, uniq_sigmund,
          uniq_jessica, uniq_natasha
D:4:      nicolae_ossuary_entry_giza, uniq_edmund
Ossuary:  ossuary_tomb_2

Skill      XL: |  1  2  3  4  5  6  7 |
---------------+----------------------+-----
Dodging        | 2 3 4 |  4.4
Stealth        | 2 3 |  3.0
Ice Magic      | 4 3 4 |  4.2
Polearms       | 1 2 4 |  4.7
Fighting       | 1 2 3 |  3.8
Spellcasting   | 3 |  3.6
Short Blades   | |  0.9
Slings         | |  0.1
Shields        | |  0.1
Conjurations   | |  1.4

Action                   |  1- 3 |  4- 6 |  7- 9 || total
-------------------------+-------+-------+-------++-------
Melee: Short sword       |    23 |       |       ||    23
       Tailslap          |     8 |    16 |    38 ||    62
       Spear             |    24 |   251 |   298 ||   573
 Fire: Hunting sling     |       |     9 |       ||     9
 Cast: Freeze            |    17 |    26 |    36 ||    79
       Throw Frost       |    12 |     9 |     2 ||    23
       Ozocubu's Armour  |       |       |     2 ||     2
 Abil: Breathe Fire      |       |       |     2 ||     2
Evoke: Wand              |       |     1 |       ||     1
  Use: Potion            |       |     5 |     4 ||     9
       Scroll            |       |     2 |     5 ||     7
 Stab: Sleeping          |     2 |     3 |     3 ||     8
       Distracted        |     1 |       |       ||     1
  Eat: Chunk             |     2 |     5 |     1 ||     8
       Ration            |       |     1 |     2 ||     3
Armor: Skin              |    10 |    89 |    76 ||   175
Dodge: Dodged            |    30 |   193 |   178 ||   401
Block: Buckler           |       |       |    15 ||    15

Table legend:
 A = Spawn XP
 B = Non-spawn XP
 C = Spawn XP percentage of total XP
 D = Spawn monster count
 E = Non-spawn monster count
 F = Spawn count percentage of total count
 G = Total turns spent on level
                    A         B        C        D         E        F      G
               +---------+---------+-------+---------+---------+-------+---------
         Total |       0 |    1772 |   0.0 |       0 |     116 |   0.0 |  5508
               +---------+---------+-------+---------+---------+-------+---------
           D:1 |       0 |      84 |   0.0 |       0 |      18 |   0.0 |  1078
           D:2 |       0 |     203 |   0.0 |       0 |      31 |   0.0 |  1016
           D:3 |       0 |     473 |   0.0 |       0 |      28 |   0.0 |  1496
           D:4 |       0 |     541 |   0.0 |       0 |      14 |   0.0 |   732
       Ossuary |       0 |     471 |   0.0 |       0 |      25 |   0.0 |  1186
               +---------+---------+-------+---------+---------+-------+---------
